 Dungeon Crawl Stone Soup version bcrawl-1.12-8-g964540c432 (webtiles) character file.

Game seed: 10242160625458097865

39 Hercules1031 the Sneak (level 3, -1/20 HPs)
             Began as a Felid Monk on June 8, 2019.
             Slain by an adder (3 damage)
             ... on level 3 of the Dungeon.
             The game lasted 00:05:55 (1847 turns).

Hercules1031 the Sneak (Felid Monk)                 Turns: 1847, Time: 00:05:56

Health: -1/20      AC:  1    Str:  7    XL:     3   Next: 45%
Magic:  0/5        EV: 20    Int: 11    God:
Gold:   120        SH:  0    Dex: 19    Spells: 2/2 levels left
                                        Lives:  0   Deaths: 1

rFire    . . .     SeeInvis +     - Unarmed
rCold    . . .     Gourm    .   (shield unavailable)
rNeg     . . .     Faith    .   (armour unavailable)
rPois    .         Spirit   +   (helmet unavailable)
rElec    .         Reflect  .   (cloak restricted)
rCorr    +         Harm     .   (gloves unavailable)
MR       .....                  (boots unavailable)
Stlth    +++.......             a - amulet of guardian spirit
HPRegen  0.06/turn              l - ring of resist corrosion
MPRegen  0.09/turn              (no ring)

@: quick
A: very small, no armour, no weapons or thrown items, stealth, claws 1, fangs 3,
see invisible, carnivore, speed 1, shaggy fur 1, slow metabolism 1, sharp paws
a: no special abilities


You were on level 3 of the Dungeon.
You were not hungry.

You visited 1 branch of the dungeon, and saw 3 of its levels.

You collected 120 gold pieces.

Inventory:

Jewellery
 a - an amulet of guardian spirit (around neck)
 l - a ring of resist corrosion (left paw)
Scrolls
 e - 2 scrolls of teleportation
 f - a scroll of identify
Potions
 c - 5 potions of curing
 d - a potion of might {unknown}
 g - a potion of mutation {unknown}
 h - 2 potions of berserk rage {unknown}
 i - 2 potions of degeneration {unknown}
Comestibles
 b - 3 rations {!d}


   Skills:
 + Level 3.4 Fighting
 + Level 4.6 Dodging
 * Level 4.6 Stealth
 + Level 4.2 Unarmed Combat
   Level 2.0 Invocations


You had 2 spell levels left.
You didn't know any spells.
Your spell library was empty.

Dungeon Overview and Level Annotations

Branches:
Dungeon (3/12)

Altars:


Innate Abilities, Weirdness & Mutations

You cannot wear almost all types of armour.
You are incapable of wielding weapons or throwing items.
Your paws allow you to move quietly. (Stealth)
You have sharp claws.
You have razor-sharp teeth.
You have supernaturally acute eyesight. (SInv)
You are carnivorous and can eat meat at any time.
You cover ground quickly.
You are covered in fur. (AC +1)
You have a slow metabolism.
Your sharp claws are effective at attacking unaware monsters.


Message History

The adder is heavily wounded.
The adder bites you but does no damage. The adder misses you.
You scratch the adder.
The adder is heavily wounded.
The adder misses you.
You miss the adder.
The adder is heavily wounded.
The adder bites you.
* * * LOW HITPOINT WARNING * * *
You scratch the adder.
The adder is almost dead.
The adder misses you.
You closely miss the adder.
The adder is almost dead.
The adder bites you.
* * * LOW HITPOINT WARNING * * *
You scratch the adder but do no damage.
The adder is almost dead.
The adder bites you.
You die...

#)################
###)...########
##(.....'....... #
........##########.#
.................#.#####
....................:...
.....###########.#...###
.....# #.# ..# ##+###
#@# .# #S# .. ... ..
##.#. # #.#.. #.# ## #.#
#..


You could see an adder.

Vanquished Creatures
  3 gnolls (D:2)
  4 worms (D:2)
  A dart slug (D:1)
  4 leopard geckos
  4 orcs (D:3)
  2 giant cockroaches
  2 goblins (D:1)
  10 hobgoblins
  8 jackals
  A quokka (D:2)
  A ball python (D:1)
  3 bats (D:2)
  2 frilled lizards
  9 kobolds
  7 rats
61 creatures vanquished.

Notes
Turn   | Place    | Note
-------+----------+-------------------------------------------
     0 | D:1      | Hercules1031 the Felid Monk began the quest for the Orb.
     0 | D:1      | Reached XP level 1. HP: 12/12 MP: 3/3
   151 | D:1      | Reached XP level 2. HP: 16/16 MP: 4/4
   597 | D:1      | Reached XP level 3. HP: 18/20 MP: 5/5
  1398 | D:2      | Reached XP level 4. HP: 24/24 MP: 6/6
  1419 | D:2      | Slain by a gnoll
  1420 | D:2      | Reached XP level 3. HP: -3/20 MP: 0/5
  1847 | D:3      | Slain by an adder

Skill      XL: |  1  2  3 |
---------------+----------+-----
Stealth        | 4 |  4.6
Unarmed Combat | 4 |  4.2
Fighting       | |  3.4
Dodging        | |  4.6
Invocations    | |  2.0

Action                   |  1- 3 |  4- 6 || total
-------------------------+-------+-------++-------
Melee: Unarmed           |   191 |    18 ||   209
       Bite              |    21 |     1 ||    22
       Punch             |       |     2 ||     2
  Use: Scroll            |     5 |       ||     5
 Stab: Sleeping          |     8 |       ||     8
       Distracted        |     2 |       ||     2
Armor: Skin              |     8 |       ||     8
Dodge: Dodged            |   151 |    10 ||   161
